 Dungeon Crawl Stone Soup version 0.30-a0-462-gd5975efbca (webtiles) character file.

Game seed: 10762228594413012160

126 cforsyth the Sneak (level 4, -3/37 HPs)
             Began as an Armataur Hedge Wizard on Dec 17, 2022.
             Slain by an orc
             ... wielding a +0 war axe
              (9 damage)
             ... on level 3 of the Dungeon.
             The game lasted 00:05:08 (3973 turns).

cforsyth the Sneak (Armataur Hedge Wizard)          Turns: 3973, Time: 00:05:08

Health: -3/37      AC:  4    Str: 16    XL:     4   Next: 83%
Magic:  3/9        EV:  9    Int: 16    God:
Gold:   180        SH:  0    Dex:  9    Spells: 8/9 levels left

rFire   . . .      SeeInvis .    a - +0 dagger
rCold   . . .      Faith    .    (no shield)
rNeg    . . .      Spirit   .    b - +0 robe
rPois   .          Reflect  .    c - +0 hat
rElec   .          Harm     .    (no cloak)
rCorr   .          Roll     +    (no gloves)
Will    .....                    (no barding)
Stlth   ++........               (no amulet)
HPRegen 0.26/turn                (no ring)
MPRegen 0.11/turn                (no ring)

@: hasted, very quick
A: large, rugged brown scales 3, deformed body, armoured tail, roll, long
tongue, awkward tongue
a: no special abilities


You were on level 3 of the Dungeon.
You visited 1 branch of the dungeon, and saw 4 of its levels.

You collected 180 gold pieces.

Inventory:

Hand Weapons
 a - a +0 dagger (weapon)
Armour
 b - a +0 robe (worn)
 c - a +0 hat (worn)
Jewellery
 n - a ring of magical power
Scrolls
 f - a scroll of fear {unknown}
 h - 2 scrolls of identify {unknown}
 j - a scroll of enchant armour {unknown}
 k - a scroll of poison {unknown}
 l - 3 scrolls of amnesia {unknown}
 o - a scroll of teleportation {unknown}
 p - a scroll of enchant weapon {unknown}
 q - a scroll of immolation {unknown}
 r - a scroll of blinking {unknown}
Potions
 d - a potion of magic
 e - 2 potions of brilliance {unknown}
 g - a potion of haste
 i - a potion of cancellation {unknown}
 m - 3 potions of mutation {unknown}
 s - 2 potions of curing {unknown}


   Skills:
 + Level 1.3 Fighting
 - Level 1.3 Dodging
 + Level 3.6 Stealth
 + Level 3.3 Spellcasting
 - Level 1.5 Conjurations
 - Level 1.2 Summonings
 - Level 1.6 Translocations


You had 8 spell levels left.
You knew the following spells:

 Your Spells              Type           Power      Damage    Failure   Level
a - Magic Dart            Conj           28%        1d4       10%         1

Your spell library contained the following spells:

 Spells                   Type           Power      Damage    Failure   Level
 Foxfire                  Conj/Fire      20%        2x1d5     13%         1
 Blink                    Tloc           14%        N/A       14%         2
 Call Imp                 Summ           6%         N/A       16%         2
 Slow                     Hex            8%         N/A       19%         1
 Cigotuvi's Dreadful Rot  Necr/Pois/Air  4%         N/A       26%         2
 Mephitic Cloud           Conj/Pois/Air  4%         N/A       41%         3
 Manifold Assault         Tloc           7%         N/A       67%         4
 Fireball                 Conj/Fire      2%         3d4       98%         5
 Starburst                Conj/Fire      2%         6d3       100%        6
 Storm Form               Tmut/Air       1%         N/A       100%        7


Dungeon Overview and Level Annotations

Branches:
Dungeon (4/15)
 Temple: D:4-7

Altars:
Zin


Innate Abilities, Weirdness & Mutations

You are completely covered in rugged brown scales. (AC +3, +7% HP)
Armour fits poorly on your strangely shaped body.
You have a long armoured tail.
You roll when moving toward enemies. (Rampage)
Your long tongue fully drains potion bottles. (2x potion effects)
Your tongue gives you trouble enunciating. (1.5x scroll delay)


Message History

The orc priest hits you with a +0 hand axe.
You barely miss the orc priest. You tail-slap the orc priest.
The orc priest is heavily wounded.
The orc closely misses you. The orc attacks as you move away!
The orc hits you with a +0 club.
The orc priest looks encouraged for a moment.
The orc attacks as you move away! The orc hits you but does no damage.
The orc attacks as you move away! The orc barely misses you.
The orc priest casts a cantrip, but nothing happens.
There is a stone staircase leading down here.
You can't go up here!
The orc closely misses you.
You climb downwards.
Found 11 gold pieces.
There is a stone staircase leading up here.
You hit the orc.
The orc is moderately wounded.
The adder hisses angrily.
The orc hits you with a +0 club.
Your magical contamination has completely faded away.
You barely miss the orc.
The orc is moderately wounded.
The orc barely misses you.
You closely miss the orc.
Your tail-slap misses the orc.
The orc is moderately wounded.
The orc hits you with a +0 club.
You barely miss the orc.
The orc is moderately wounded.
The orc hits you with a +0 club.
The orc shouts!
The orc hits you with a +0 club. The adder bites you but does no damage.
You climb upwards.
The orc hits you with a +0 war axe.
* * * LOW HITPOINT WARNING * * *
The orc hits you with a +0 war axe.
* * * LOW HITPOINT WARNING * * *
There is a stone staircase leading down, spattered with blood here.
You slurp down every last drop of the 2 amethyst potions!
It was a potion of haste.
You feel yourself speed up. The orc hits you but does no damage.
The orc hits you with a +0 war axe!
You die...

#........# ##'##
#.######.# #.# #.# #.#
#.# #.######.# ##.##
#.....##.# ...##
#.###.##.# .... . #.#
#.##.# ... ..
#.###.##.# #.# ...
#.o@oo...####.##....
#####S...........)..
#########.##.### #.#
#.# ##.###### ###
#........ ##.##
#..######
##.#.##########..######


You could see an orc priest, an adder and 2 orcs.

Vanquished Creatures
  An orc wizard (D:3)
  2 adders (D:2)
  A worm (D:3)
  A dart slug (D:3)
  3 orcs (D:3)
  6 endoplasms
  3 giant cockroaches
  8 goblins
  11 hobgoblins
  6 quokkas
  7 ball pythons
  6 bats
  6 frilled lizards
  2 kobolds (D:1)
  5 rats
68 creatures vanquished.

Notes
Turn   | Place    | Note
-------+----------+-------------------------------------------
     0 | D:1      | cforsyth the Armataur Hedge Wizard began the quest for the
                  | Orb.
     0 | D:1      | Reached XP level 1. HP: 14/14 MP: 4/4
    83 | D:1      | Reached skill level 1 in Conjurations
   124 | D:1      | Found a faded altar of an unknown god.
   230 | D:1      | Reached skill level 1 in Summonings
   266 | D:1      | Reached XP level 2. HP: 20/21 MP: 0/5
   891 | D:1      | Reached XP level 3. HP: 27/27 MP: 5/7
  1488 | D:2      | Found a glowing silver altar of Zin.
  2189 | D:2      | Reached XP level 4. HP: 33/36 MP: 1/8
  3485 | D:3      | Reached skill level 1 in Fighting
  3973 | D:3      | Slain by an orc

Illustrated notes

Levels and vault maps discovered:
D:1:      lightli_iron_boxes, layout_loops_cross,
          dreamdust_ecumenical_altar_statues, serial_rivers,
          chequers_serial_rivers_small_a, chequers_serial_rivers_large_b,
          chequers_serial_rivers_micro_e, chequers_serial_rivers_micro_c,
          minmay_pentomino_r4
D:2:      layout_loops_cross, basic_altar
D:3:      layout_loops_corners, minmay_randomly_rotated_circles
D:4:      layout_layer_cave, general_overflow_altar,
          minmay_temple_entry_purple_smoke, serial_shops,
          nicolae_shop_waterfront

Skill      XL: |  1  2  3  4 |
---------------+-------------+-----
Conjurations   | 1 |  1.5
Summonings     | 1 |  1.2
Spellcasting   | 3 |  3.3
Stealth        | 3 |  3.6
Fighting       | 1 |  1.3
Dodging        | |  1.3
Translocations | |  1.6

Action                   |  1- 3 |  4- 6 || total
-------------------------+-------+-------++-------
Melee: Dagger            |    84 |    34 ||   118
       Tailslap          |    10 |     8 ||    18
       Punch             |     1 |     2 ||     3
 Cast: Magic Dart        |    80 |    77 ||   157
  Use: Potion            |       |     1 ||     1
 Stab: Sleeping          |     2 |       ||     2
Armor: Robe              |    31 |    20 ||    51
Dodge: Dodged            |    37 |    19 ||    56

Table legend: (Time is in decaauts)
 A = Elapsed time spent in this place.
 B = Non-inter-level travel time spent in this place.
 C = Inter-level travel time spent in this place.
 D = Time resting spent in this place.
 E = Time spent auto-exploring this place.
 F = Levels seen in this place.
 G = Mean time per level.
                   A        B        C        D        E       F      G
               +--------+--------+--------+--------+--------+-----+--------+
         Total |   3973 |   3916 |     57 |     60 |   3303 |   4 |  993.2 |
       Dungeon |   3973 |   3916 |     57 |     60 |   3303 |   4 |  993.2 |
               +--------+--------+--------+--------+--------+-----+--------+

Top non-repeatable levels by time:
     D:3: 1558 daAuts
     D:1: 1289 daAuts
     D:2: 1120 daAuts
     D:4: 5 daAuts
